AoeStats
← Mhafiki

MegaRandom

505584804Analyzed
3v3 RM · 21d ago on Sep 10, 2026· 66m 1s· 6 players
Game mode
Random Map
Map size
Normal (6 player)
Population
200
Speed
Normal
Resources
Standard
Victory
Conquest
Starting age
Dark Age
Ending age
Imperial Age
RankedLock teamsTeams togetherTeam positionsShared explorationLock speedFull tech treeHidden civsTurbo modeCheats
Victory
Defeat
🇺🇸 Mongols · United States
1123
+14
🇺🇸 Armenians · United States
1076
+16
🇺🇸 Hindustanis · United States
1054
+17
🇺🇸 Franks · United States
1088
-16
🇲🇽 Japanese · Mexico
1075
-16
🇨🇦 Inca · Canada
1068
-15
socks and crocks
1:26 Loom
13:15 Feudal Age
17:11 Castle Age
15:49 Wheelbarrow
16:18 Town Watch
17:50 Forging
17:45 Scale Barding Armor
18:14 Husbandry
18:06 Double-Bit Axe
18:16 Gold Mining
23:29 Fletching
25:30 Hand Cart
25:08 Stone Mining
25:45 Bow Saw
29:54 Imperial Age
28:35 Iron Casting
28:39 Gold Shaft Mining
28:45 Iron Casting
29:32 Chain Barding Armor
29:14 Padded Archer Armor
29:40 Bodkin Arrow
29:07 Elite Skirmisher
30:29 Cavalier
32:51 Blast Furnace
32:22 Town Patrol
33:28 Leather Archer Armor
38:27 Plate Barding Armor
43:24 Paladin
50:15 Chemistry
58:59 Conscription
60:39 Murder Holes
Alibarbwire
1:32 Loom
11:15 Feudal Age
12:43 Double-Bit Axe
12:39 Horse Collar
12:51 Gold Mining
14:03 Wheelbarrow
13:15 Town Watch
13:28 Fletching
18:00 Castle Age
17:40 Stone Mining
18:41 Bodkin Arrow
18:50 Squires
18:51 Scale Mail Armor
19:01 Forging
19:06 Bow Saw
18:57 Heavy Plow
20:07 Stone Shaft Mining
21:17 Hand Cart
23:16 Hand Cart
22:54 Arson
24:33 Chain Mail Armor
25:09 Iron Casting
25:21 Gold Shaft Mining
31:00 Imperial Age
31:30 Elite Kamayuk
32:14 Fabric Shields
32:35 Conscription
32:10 Treadmill Crane
32:52 Ballistics
32:04 Capped Ram
34:07 Plate Mail Armor
35:28 Blast Furnace
36:13 Bracer
36:13 Padded Archer Armor
37:18 Andean Sling
38:46 Leather Archer Armor
42:50 Bracer
43:21 Ring Archer Armor
43:15 Thumb Ring
47:43 Town Patrol
60:26 Pikeman
61:22 Halberdier
Sprunger
4:42 Loom
8:46 Feudal Age
8:26 Loom
13:01 Castle Age
11:20 Scale Mail Armor
13:08 Wheelbarrow
12:52 Gold Mining
13:09 Fletching
13:53 Thumb Ring
15:16 Gold Shaft Mining
15:21 Bodkin Arrow
16:21 Double-Bit Axe
17:24 Ballistics
22:48 Husbandry
22:58 Bloodlines
23:17 Bow Saw
22:55 Horse Collar
24:02 Padded Archer Armor
27:30 Imperial Age
24:50 Town Watch
27:38 Imperial Age
26:43 Leather Archer Armor
26:34 Scale Barding Armor
26:46 Chain Mail Armor
27:49 Forging
27:03 Pikeman
28:21 Bracer
29:24 Chemistry
28:20 Murder Holes
28:59 Kataparuto
29:03 Conscription
28:46 Gambesons
29:10 Halberdier
29:51 Squires
29:36 Arson
30:04 Yasama
31:37 Conscription
30:39 Elite Samurai
32:44 Heavy Cavalry Archer
33:50 Parthian Tactics
33:57 Ring Archer Armor
33:33 Scale Barding Armor
34:04 Iron Casting
34:00 Plate Mail Armor
32:56 Elite Skirmisher
35:22 Siege Engineers
36:27 Man-at-Arms
36:34 Man-at-Arms
39:01 Blast Furnace
38:43 Long Swordsman
39:17 Two-Handed Swordsman
41:27 Two-Man Saw
40:33 Champion
40:56 Champion
45:30 Caravan
49:01 Scale Barding Armor
51:56 Arrowslits
57:14 Chain Barding Armor
58:28 Heavy Plow
DVaso
3:52 Loom
11:02 Feudal Age
11:37 Double-Bit Axe
11:45 Man-at-Arms
12:52 Long Swordsman
13:35 Scale Mail Armor
14:19 Forging
17:18 Castle Age
17:43 Wheelbarrow
16:53 Town Watch
16:59 Arson
18:01 Two-Handed Swordsman
18:45 Squires
18:30 Gambesons
19:31 Chain Mail Armor
19:21 Scale Barding Armor
20:17 Horse Collar
23:16 Champion
26:40 Imperial Age
27:39 Ballistics
27:54 Fereters
28:10 Conscription
29:55 Plate Mail Armor
31:28 Fletching
32:57 Iron Casting
32:02 Elite Composite Bowman
32:46 Bodkin Arrow
32:52 Padded Archer Armor
35:07 Chemistry
35:43 Hand Cart
35:32 Bracer
36:19 Bow Saw
36:10 Heavy Plow
36:58 Leather Archer Armor
40:15 Hoardings
39:49 Cilician Fleet
41:54 Ring Archer Armor
42:25 Blast Furnace
41:23 Murder Holes
41:38 Masonry
43:10 Town Patrol
43:10 Gold Mining
43:10 Stone Mining
43:26 Devotion
43:52 Bombard Tower
Mhafiki
3:59 Loom
11:04 Feudal Age
11:10 Feudal Age
17:14 Castle Age
15:50 Wheelbarrow
15:36 Gold Mining
15:39 Stone Mining
15:31 Horse Collar
15:38 Double-Bit Axe
15:54 Town Watch
17:39 Fletching
17:51 Padded Archer Armor
21:33 Leather Archer Armor
22:27 Stone Shaft Mining
25:17 Imperial Age
28:57 Ballistics
30:55 Husbandry
31:07 Bloodlines
31:46 Parthian Tactics
32:54 Bodkin Arrow
33:09 Thumb Ring
33:38 Hand Cart
34:04 Bow Saw
35:29 Chemistry
35:58 Elite Mangudai
36:44 Bracer
38:08 Hoardings
39:05 Hoardings
40:22 Masonry
41:43 Onager
44:32 Siege Engineers
44:09 Siege Onager
47:37 Drill
47:18 Nomads
47:39 Conscription
48:40 Forging
48:36 Scale Barding Armor
49:29 Gold Shaft Mining
50:16 Iron Casting
49:04 Light Cavalry
50:26 Town Patrol
50:48 Chain Barding Armor
49:55 Hussar
52:54 Heavy Camel Rider
60:44 Blast Furnace
Triqem
4:00 Loom
8:45 Feudal Age
11:01 Double-Bit Axe
12:51 Fletching
16:34 Castle Age
18:37 Bow Saw
18:09 Horse Collar
19:13 Bloodlines
19:59 Gold Mining
20:01 Stone Mining
21:50 Husbandry
22:18 Scale Mail Armor
22:29 Forging
24:09 Chain Mail Armor
24:29 Iron Casting
24:38 Stone Shaft Mining
24:10 Heavy Plow
30:35 Imperial Age
29:36 Gold Shaft Mining
29:32 Crossbowman
30:58 Thumb Ring
31:43 Wheelbarrow
30:54 Elite Ghulam
33:52 Blast Furnace
32:48 Bodkin Arrow
33:01 Scale Barding Armor
33:30 Conscription
35:02 Conscription
35:44 Grand Trunk Road
35:59 Squires
37:07 Arson
37:35 Bodkin Arrow
38:02 Chain Barding Armor
37:07 Heavy Camel Rider
42:27 Hand Cart
41:58 Town Watch
43:40 Light Cavalry
44:36 Hussar
47:30 Two-Man Saw
47:44 Plate Barding Armor
47:11 Bracer
48:13 Hoardings
49:35 Padded Archer Armor
53:23 Imperial Camel Rider
Connection lost

Rejoining the realm…

Still unreachable

The connection could not be restored.

Session expired

The server has moved on; the page needs a fresh start.